 Dungeon Sprint DCSS version 0.28-a0-479-g5baa6b73be (webtiles) character file.

Game seed: 10770812190684529083

317 MikeHunt the Martial Artist (level 6, -18/55 HPs)
             Began as a Demonspawn Chaos Knight on Sept 18, 2021.
             Was a Plaything of Xom.
             Killed from afar by a deep elf pyromancer (43 damage)
             ... with a bolt of fire
             ... in the Dungeon (Sprint III: "The Ten Rune Challenge").
             The game lasted 00:02:01 (599 turns).

MikeHunt the Martial Artist (DsCK)                   Turns: 599, Time: 00:02:02

Health: -18/55     AC:  6    Str: 13    XL:     6   Next: 20%
Magic:  6/6        EV: 14    Int: 13    God:    Xom [..*...]
Gold:   35         SH:  0    Dex: 16    Spells: 5/5 levels left

rFire   . . .      SeeInvis .     - Unarmed
rCold   . . .      Faith    .   (no shield)
rNeg    . . .      Spirit   .   a - +2 leather armour
rPois   .          Reflect  .   (no helmet)
rElec   .          Harm     .   (no cloak)
rCorr   .          Rampage  .   (no gloves)
Will    .....      NoTele   +   (no boots)
Stlth   +.........              (no amulet)
HPRegen 0.18/turn               (no ring)
MPRegen 0.10/turn               (no ring)

@: no status effects
A: claws 1, talons 1, foul stench 2, spiny 1, agile 1, shaggy fur 1
a: Renounce Religion


You were in the Dungeon.
You worshipped Xom.
You were a toy of Xom.
You visited 1 branch You collected 35 gold pieces.

Inventory:

Armour
 a - a +2 leather armour (worn)
Scrolls
 b - 2 scrolls of holy word
 c - a scroll of identify
 g - a scroll of blinking
 j - a scroll of immolation
Potions
 d - a potion of haste
 e - 2 potions of magic
 f - a potion of berserk rage
 h - 5 potions of flight
 i - 2 potions of mutation


   Skills:
 + Level 7.4 Fighting
 - Level 1.7 Armour
 + Level 6.1 Dodging
 + Level 8.8 Unarmed Combat


You had 5 spell levels left.
You didn't know any spells.
Your spell library contained the following spells:

 Spells                   Type           Power      Damage    Failure   Level
 Beastly Appendage        Tmut           0%         N/A       36%         1
 Wereblood                Tmut           0%         N/A       52%         2
 Spider Form              Tmut/Pois      0%         N/A       75%         3


Dungeon Overview and Level Annotations

Branches:
Dungeon (1/1)

Altars:
Dithmenos
Elyvilon
Kikubaaqudgha
Ru
Sif Muna
Vehumet
Yredelemnul
Zin
The Shining One


Innate Abilities, Weirdness & Mutations

You have sharp fingernails.
You have sharp toenails.
You sometimes emit foul miasma when damaged in melee.
You are partially covered in sharp spines.
You are agile. (Dex +2)
You are covered in fur. (AC +1)


Message History

No target in view!
No target in view!
You pick up a book of Changes and begin reading...
You add the spells Beastly Appendage, Wereblood and Spider Form to your library.
Things that are here:
a +0 dagger; a +0 robe You now have 35 gold pieces (gained 12).
Things that are here:
a +0 dagger; a +0 robe
There is an open door, spattered with blood here.
As you open the door, it creaks loudly!
A deep elf pyromancer comes into view.
It is wielding a +2 long sword of holy wrath.
Found a potion of curing.
Found three altars.
The deep elf pyromancer closely misses you.
There is an open door here.
You barely miss the deep elf pyromancer.
You claw the deep elf pyromancer!
You claw the deep elf pyromancer, but do no damage.
The deep elf pyromancer is moderately wounded.
The deep elf pyromancer hits you with a +2 long sword of holy wrath!
You convulse!
You are too injured to fight recklessly!
You are too injured to fight recklessly!
You are too injured to fight recklessly!
You are too injured to fight recklessly!
You are too injured to fight recklessly!
You claw the deep elf pyromancer!
The deep elf pyromancer is severely wounded.
The deep elf pyromancer is struck by your spines.
The deep elf pyromancer hits you with a +2 long sword of holy wrath.
You convulse.
Unknown command.
You barely miss the deep elf pyromancer.
Your kick misses the deep elf pyromancer.
The deep elf pyromancer is severely wounded.
The deep elf pyromancer casts a spell at you.
The bolt of fire hits you!!!
Ouch! That really hurt!
You die...
Xom guffaws!

▓▓▓▓▓▓ ▓▓▓ .'...♣♣♣♣
♣.##### #### .#....♣.♣
♣♣.#___# #__# ##....♣.♣
♣..#!e.# #)_#
.#....≈.♣♣♣..###@#+###†##
.#...≈†♣♣..♣.#..........#
.#..≈≈≈≈..♣♣.'.⌠........#
)#..≈≈≈≈≈≈...#...######+#
.#.≈≈≈≈≈≈....#.⌠.#
.#.≈≈≈≈≈.....#...#
.#.≈≈≈.......#'###
##...........#)).#
.............#___#


You could see a deep elf pyromancer.

Vanquished Creatures
  A necrophage (D)
  A water elemental (D)
  A scorpion (D)
  Jessica (D)
  A wizard (D)
  A necromancer (D)
  A human (D)
  A kobold demonologist (D)
  An endoplasm (D)
  2 rats (D)
11 creatures vanquished.

Vanquished Creatures (others)
  4 plants (D)
4 creatures vanquished.

Grand Total: 15 creatures vanquished

Notes
Turn   | Place    | Note
-------+----------+-------------------------------------------
     0 | D        | MikeHunt the Demonspawn Chaos Knight began the quest for
                  | the Orb.
     0 | D        | Reached XP level 1. HP: 18/18 MP: 1/1
     5 | D        | Reached skill level 3 in Unarmed Combat
    75 | D        | Noticed Jessica
    77 | D        | XOM: potion effect (brilliance)
    80 | D        | Killed Jessica
    81 | D        | Reached skill level 6 in Unarmed Combat
    81 | D        | Gained mutation: You have sharp fingernails. [demonic
                  | ancestry]
    81 | D        | Reached XP level 2. HP: 18/24 MP: 2/2
    81 | D        | Gained mutation: You may rarely emit foul miasma when
                  | damaged in melee. [demonic ancestry]
    81 | D        | Reached XP level 3. HP: 22/29 MP: 3/3
   166 | D        | Noticed a scorpion
   177 | D        | XOM: smoke on damage
   182 | D        | XOM: divination: detect creatures
   186 | D        | Killed a scorpion
   187 | D        | Gained mutation: You sometimes emit foul miasma when
                  | damaged in melee. [demonic ancestry]
   187 | D        | Reached XP level 4. HP: 38/38 MP: 4/4
   300 | D        | Reached skill level 7 in Unarmed Combat
   318 | D        | Gained mutation: You sometimes lose the ability to read
                  | scrolls when taking damage. [potion of mutation]
   329 | D        | Lost mutation: You sometimes lose the ability to read
                  | scrolls when taking damage. [potion of mutation]
   329 | D        | Gained mutation: You are agile. (Dex +2) [potion of
                  | mutation]
   329 | D        | Gained mutation: You are covered in fur. (AC +1) [potion of
                  | mutation]
   341 | D        | Noticed a water elemental
   355 | D        | Killed a water elemental
   356 | D        | Reached skill level 5 in Fighting
   356 | D        | Gained mutation: You have sharp toenails. [demonic
                  | ancestry]
   356 | D        | Reached XP level 5. HP: 23/46 MP: 5/5
   509 | D        | Found a shadowy altar of Dithmenos.
   509 | D        | Noticed a necrophage
   514 | D        | XOM: silly message
   524 | D        | Killed a necrophage
   525 | D        | Reached skill level 5 in Dodging
   525 | D        | Reached skill level 8 in Unarmed Combat
   525 | D        | Found a basalt altar of Yredelemnul.
   525 | D        | Found a sacrificial altar of Ru.
   528 | D        | Gained mutation: You are partially covered in sharp spines.
                  | [demonic ancestry]
   528 | D        | Reached XP level 6. HP: 48/55 MP: 6/6
   575 | D        | Found a radiant altar of Vehumet.
   578 | D        | Found a shimmering blue altar of Sif Muna.
   578 | D        | Found an ancient bone altar of Kikubaaqudgha.
   594 | D        | Noticed a deep elf pyromancer
   599 | D        | Killed from afar by a deep elf pyromancer

Illustrated notes

Levels and vault maps discovered:
D:        dungeon_sprint_mu [sprint_mu_entry_forest, sprint_mu_temple_rooms,
          sprint_mu_d1_horrors, sprint_mu_d2_genie, sprint_mu_d3_branching,
          sprint_mu_orc_legion, sprint_mu_elf_gauntlet, sprint_mu_hive_nellie,
          sprint_mu_lair_fedhas, sprint_mu_vaults_butterflies,
          sprint_mu_slime_circle, sprint_mu_swamp_cave, sprint_mu_snake_twists,
          sprint_mu_blade_basic, sprint_mu_crypt_chambers,
          sprint_mu_tomb_spiral, sprint_mu_vestibule_basic,
          sprint_mu_gehenna_hellfire, sprint_mu_dis_giant,
          sprint_mu_tartarus_statrot, sprint_mu_cocytus_islands, sprint_mu_zot1]

Skill      XL: |  1  2  3  4  5  6 |
---------------+-------------------+-----
Unarmed Combat | 6 7 8 |  8.8
Fighting       | 4 5 7 |  7.4
Dodging        | 3 4 5 6 |  6.1
Armour         | |  1.7

Action                   |  1- 3 |  4- 6 || total
-------------------------+-------+-------++-------
Melee: Unarmed           |    28 |    47 ||    75
       Punch             |       |     3 ||     3
       Kick              |       |     5 ||     5
  Use: Potion            |     2 |     2 ||     4
       Scroll            |       |     2 ||     2
 Stab: Sleeping          |       |     1 ||     1
Armor: Leather armour    |     7 |     4 ||    11
Dodge: Dodged            |     9 |    20 ||    29

Table legend: (Time is in decaauts)
 A = Elapsed time spent in this place.
 B = Non-inter-level travel time spent in this place.
 C = Inter-level travel time spent in this place.
 D = Time resting spent in this place.
 E = Time spent auto-exploring this place.
 F = Levels seen in this place.
 G = Mean time per level.
                   A        B        C        D        E       F      G
               +--------+--------+--------+--------+--------+-----+--------+
         Total |    594 |    594 |      0 |    394 |      0 |   1 |  594.0 |
       Dungeon |    594 |    594 |      0 |    394 |      0 |   1 |  594.0 |
               +--------+--------+--------+--------+--------+-----+--------+

Top non-repeatable levels by time:
       D: 594 daAuts
